 Dungeon Crawl Stone Soup version 0.20.1-1-g8b1a95d (webtiles) character file.

259 danweel the Archer (level 5, -2/45 HPs)
             Began as a Centaur Hunter on Nov 4, 2017.
             Slain by an orc wizard
             ... wielding a +0 dagger
              (4 damage)
             ... on level 4 of the Dungeon.
             The game lasted 00:20:54 (3866 turns).

danweel the Archer (Centaur Hunter)                 Turns: 3866, Time: 00:20:54

Health: -2/45      AC:  4    Str: 14    XL:     5   Next: 95%
Magic:  5/5        EV:  9    Int: 10    God:
Gold:   108        SH:  0    Dex: 11    Spells: 4/4 levels left

rFire    + . .     SeeInvis .   a - +1 shortbow
rCold    . . .     Gourm    .   (shield currently unavailable)
rNeg     + . .     Faith    .   c - +0 leather armour
rPois    .         Spirit   .   (no helmet)
rElec    .         Reflect  .   (no cloak)
rCorr    .         Harm     .   (no gloves)
MR       .....                  (no barding)
Stlth    +.........             (no amulet)
Regen    0.2/turn               n - ring of positive energy
MPRegen  0.1/turn               x - ring of protection from fire

@: very quick
A: hooves 3, deformed body, speed 2, tough skin 3
a: no special abilities


You were on level 4 of the Dungeon.
You were hungry.

You visited 1 branch of the dungeon, and saw 4 of its levels.

You collected 108 gold pieces.

Inventory:

Hand Weapons
 a - a +1 shortbow (weapon)
 b - a +0 short sword
 k - a +0 hunting sling
 m - a +0 spear
Missiles
 d - 2 arrows (quivered)
 p - 79 stones
 t - 14 poisoned needles
 u - 10 bolts
 y - 3 tomahawks
Armour
 c - a +0 leather armour (worn)
Jewellery
 n - a ring of positive energy (left hand)
 x - a ring of protection from fire (right hand)
 z - an uncursed ring of protection from fire
 C - the ring of Suspected Treachery {rCorr +Inv rPois Str-4 SInv, unknown}
   (You found it on level 4 of the Dungeon)

   [ring of resist corrosion]

   It affects your strength (-4).
   It protects you from poison.
   It lets you see invisible.
   It lets you turn invisible.
Scrolls
 e - 2 scrolls of identify
 g - 2 scrolls of teleportation
 h - 3 scrolls of magic mapping {unknown}
 i - a scroll of fear {unknown}
 j - a scroll of immolation {unknown}
 l - a scroll of blinking {unknown}
 q - a scroll of remove curse {unknown}
 w - 2 scrolls of amnesia {unknown}
 A - a scroll of recharging {unknown}
Potions
 r - a potion of brilliance {unknown}
 D - a potion of ambrosia {unknown}
Books
 B - a book of Changes

   Spells                             Type                      Level
   a - Beastly Appendage              Transmutation                1
   b - Sticks to Snakes               Transmutation                2
   c - Spider Form                    Transmutation/Poison         3
   d - Ice Form                       Ice/Transmutation            4
   e - Blade Hands                    Transmutation                5
Comestibles
 f - 2 bread rations
 s - 3 fruits
 v - 2 chunks of flesh


   Skills:
 + Level 3.2 Fighting
 + Level 8.3 Bows
 + Level 1.0 Armour
 + Level 1.8 Dodging
 + Level 0.4 Stealth


You had 4 spell levels left.
You didn't know any spells.

Dungeon Overview and Level Annotations

Branches:
Dungeon (4/15)
 Temple: D:4-7

Altars:
Zin


Innate Abilities, Weirdness & Mutations

You have hooves in place of feet.
Armour fits poorly on your strangely shaped body.
You cover ground very quickly.
You have extremely tough skin. (AC +3)


Message History

You hear some strange, mumbled words.
A magic dart appears from out of thin air!
The magic dart hits you!
* * * LOW HITPOINT WARNING * * *
Firing (i - inventory. (,) - cycle):
d - 5 arrows (quivered)
Press: ? - help, Shift-Dir - straight line You shoot an arrow.
You feel better. Something hits you.
* * * LOW HITPOINT WARNING * * *
Firing (i - inventory. (,) - cycle):
d - 4 arrows (quivered)
Press: ? - help, Shift-Dir - straight line You shoot an arrow.
Something hits you but does no damage.
Firing (i - inventory. (,) - cycle):
d - 3 arrows (quivered)
Press: ? - help, Shift-Dir - straight line You shoot an arrow.
Something hits you.
* * * LOW HITPOINT WARNING * * *
You barely miss something. Something hits you.
* * * LOW HITPOINT WARNING * * *
Something hits you.
You die...

#.... .... ((. ###(##
... #(.((##
...##+###..((.#
.......#..){)######.#
#.....+...@.#.......
#.....#.......#
#.....#...<..##
#.....#......#
#...†...†...##
######..†...#
#.##...+ ####..##
#..#


There were no monsters in sight!

Vanquished Creatures
  2 orc priests
  2 orc wizards
  8 adders
  A dart slug (D:2)
  11 orcs
  8 bats
  A giant cockroach (D:3)
  5 goblins
  9 hobgoblins
  7 jackals
  A quokka (D:2)
  A ball python (D:3)
  3 frilled lizards (D:1)
  4 kobolds
  A rat (D:2)
64 creatures vanquished.

Notes
Turn   | Place    | Note
-------+----------+-------------------------------------------
     0 | D:1      | danweel the Centaur Hunter began the quest for the Orb.
     0 | D:1      | Reached XP level 1. HP: 17/17 MP: 1/1
   373 | D:1      | Reached XP level 2. HP: 21/24 MP: 2/2
  1091 | D:2      | Reached skill level 6 in Bows
  1336 | D:2      | Reached XP level 3. HP: 18/29 MP: 3/3
  2007 | D:2      | Found a glowing silver altar of Zin.
  2580 | D:3      | Reached XP level 4. HP: 37/37 MP: 4/4
  3013 | D:3      | Reached skill level 7 in Bows
  3292 | D:3      | Reached XP level 5. HP: 33/44 MP: 5/5
  3687 | D:4      | Got a twitching granite ring
  3704 | D:4      | Reached skill level 8 in Bows
  3856 | D:4      | Reached skill level 1 in Armour
  3859 | D:4      | HP: 2/45 [something (3)]
  3866 | D:4      | HP: 2/45 [something (2)]
  3866 | D:4      | Slain by an orc wizard

Skill      XL: |  1  2  3  4  5 |
---------------+----------------+-----
Bows           | 6 7 8 |  8.3
Fighting       | 3 |  3.2
Armour         | 1 |  1.0
Dodging        | |  1.8
Stealth        | |  0.4

Action                   |  1- 3 |  4- 6 || total
-------------------------+-------+-------++-------
Melee: Shortbow          |     5 |     3 ||     8
       Kick              |     2 |       ||     2
 Fire: Shortbow          |    96 |   118 ||   214
  Use: Scroll            |     3 |     1 ||     4
       Potion            |       |     2 ||     2
  Eat: Chunk             |     3 |     3 ||     6
Armor: Leather armour    |    25 |    21 ||    46
Dodge: Dodged            |    15 |    17 ||    32
